 Dungeon Crawl Stone Soup version 0.21.1-1-g345015fe64 (webtiles) character file.

77 Gargoyl the Skirmisher (level 4, -2/39 HPs)
             Began as a Centaur Abyssal Knight on Feb 11, 2018.
             Was a Follower of Lugonu.
             Slain by an iron imp (3 damage)
             ... summoned by Natasha
             ... on level 2 of the Dungeon.
             The game lasted 00:02:54 (1534 turns).

Gargoyl the Skirmisher (Centaur Abyssal Knight)     Turns: 1534, Time: 00:02:55

Health: -2/39      AC:  8    Str: 13 (16) XL:     4   Next: 14%
Magic:  6/6        EV:  8    Int: 13 (15) God:    Lugonu [*.....]
Gold:   48         SH:  0    Dex: 10 (11) Spells: 3/3 levels left

rFire    . . .     SeeInvis .   a - +1 hand axe
rCold    . . .     Gourm    .   (no shield)
rNeg     . . .     Faith    .   f - +3 ring mail "Beaw" {-Cast Int+4 Dex+3}
rPois    .         Spirit   .   (no helmet)
rElec    .         Reflect  .   (no cloak)
rCorr    +         Harm     .   (no gloves)
MR       .....     NoCast   +   (no barding)
Stlth    ..........             (no amulet)
HPRegen  0.13/turn              d - ring of resist corrosion
MPRegen  0.10/turn              (no ring)

@: very quick
A: large, hooves 3, deformed body, speed 2, tough skin 3
a: Depart the Abyss, Renounce Religion


You were on level 2 of the Dungeon.
You worshipped Lugonu.
Lugonu was aware of your devotion.
You were very hungry.

You visited 1 branch of the dungeon, and saw 2 of its levels.
You visited the Abyss 1 time.

You collected 48 gold pieces.

Inventory:

Hand Weapons
 a - a +1 hand axe (weapon)
Armour
 f - the +3 ring mail "Beaw" (worn) {-Cast Int+4 Dex+3}
   (You found it on level 2 of the Abyss)

   It affects your intelligence (+4).
   It affects your dexterity (+3).
   It prevents spellcasting.
 h - a +0 helmet
Jewellery
 b - an uncursed ring of poison resistance {unknown}
 d - a ring of resist corrosion (left hand)
 j - an uncursed ring of flight
Wands
 e - a wand of paralysis (15)
Scrolls
 g - a scroll of identify
Comestibles
 c - 2 rations


   Skills:
 + Level 3.6 Fighting
 + Level 2.3 Axes
 * Level 2.1 Armour
 + Level 0.7 Dodging
 * Level 2.8 Invocations


You had 3 spell levels left.
You didn't know any spells.

Dungeon Overview and Level Annotations

Branches:
Dungeon (2/15)

Altars:

Annotations:
D:2 Natasha


Innate Abilities, Weirdness & Mutations

You have hooves in place of feet.
Armour fits poorly on your strangely shaped body.
You cover ground very quickly.
You have extremely tough skin. (AC +3)


Message History

Natasha is almost dead.
You hit the iron imp but do no damage. You hit the crimson imp.
Natasha barely misses you.
The crimson imp hits you but does no damage.
Unknown command.
It was a potion of degeneration.
There was something very wrong with that liquid.
You feel weakened.
You feel dopey.
You feel clumsy. Natasha closely misses you.
The iron imp hits you but does no damage.
The crimson imp hits you but does no damage.
You barely miss Natasha.
Natasha is almost dead.
You closely miss the crimson imp. You hit the iron imp but do no damage.
Natasha claws you!
* * * LOW HITPOINT WARNING * * *
The crimson imp shouts, "Decamp, thou hateful swag-bellied ratsbane!"
The crimson imp hits you but does no damage.
The iron imp hits you.
You die...

#.................#.. .....
#...........#######.# .......
##.....##....# .####.......
##...####...######.##........
##### ##.....##..##......#
#### #######.(.##.##...#..#
#...##...##...............#
............††55..........#
...........).†h@(..÷...####
......†.)..#)##.....)..#
.......<).)..##.....)..#
............###..##..).#
#...##.....## #..##.$!.# ###
##....# #..##........ #..#.##
#..#..##....#.# #.....#
#..#.# ###.... #...... .. .g
..##.


You could see an iron imp, Natasha and a crimson imp.

Vanquished Creatures
  Natasha (D:2)
  Robin (D:2)
  2 dart slugs
  A leopard gecko (D:1)
  3 bats (D:1)
  A giant cockroach (D:2)
  13 goblins
  3 hobgoblins
  A ball python (D:1)
  3 frilled lizards
  5 kobolds
  A rat (D:2)
35 creatures vanquished.

Notes
Turn   | Place    | Note
-------+----------+-------------------------------------------
     0 | Abyss:1  | Gargoyl the Centaur Abyssal Knight began the quest for the Orb.
     0 | Abyss:1  | Reached XP level 1. HP: 19/19 MP: 2/2
    19 | Abyss:2  | Found a corrupted altar of Lugonu.
    73 | Abyss:2  | Got a heavily runed ring mail
    84 | Abyss:2  | Identified the +3 ring mail "Beaw" {-Cast Int+4 Dex+3} (You found it on level 2 of the Abyss)
   105 | Abyss:2  | Noticed a rakshasa
   106 | D:1      | Escaped the Abyss
   716 | D:1      | Reached * piety under Lugonu
   716 | D:1      | Reached XP level 2. HP: 25/26 MP: 3/3
  1172 | D:2      | Noticed Natasha
  1186 | D:2      | HP: 1/26 [Natasha (4)]
  1197 | D:2      | Killed Natasha
  1197 | D:2      | Reached XP level 3. HP: 2/31 MP: 4/4
  1505 | D:2      | Noticed Robin
  1518 | D:2      | Noticed Natasha
  1521 | D:2      | Killed Robin
  1521 | D:2      | Reached XP level 4. HP: 27/39 MP: 6/6
  1534 | D:2      | HP: 1/39 [Natasha (7)]
  1534 | D:2      | Slain by an iron imp

Skill      XL: |  1  2  3 |
---------------+----------+-----
Axes           | 2 |  2.3
Armour         | 2 |  2.1
Fighting       | |  3.6
Dodging        | |  0.7
Invocations    | |  2.8

Action                   |  1- 3 |  4- 6 || total
-------------------------+-------+-------++-------
Melee: Hand axe          |    93 |    10 ||   103
       Kick              |    12 |     1 ||    13
Invok: Depart the Abyss  |     1 |       ||     1
  Use: Scroll            |     4 |       ||     4
       Potion            |     1 |     1 ||     2
Armor: Ring mail         |    61 |     7 ||    68
Dodge: Dodged            |    62 |     7 ||    69
